 Dungeon Crawl Stone Soup version 0.28.0-62-gf88900778d (webtiles) character file.

Game seed: 12288813178874354402

2709 cbfl8 the Cleaver (level 9, -1/70 HPs)
             Began as a Minotaur Fighter on Aug 29, 2023.
             Was a Follower of Hepliaklqana.
             Slain by a deep troll (8 damage)
             ... on level 6 of the Dungeon.
             The game lasted 00:07:37 (8969 turns).

cbfl8 the Cleaver (Minotaur Fighter)                Turns: 8969, Time: 00:07:38

Health: -1/70      AC: 13    Str: 20    XL:     9   Next: 39%
Magic:  8/8        EV:  7    Int:  5    God:    Hepliaklqana [*.....]
Gold:   195        SH:  5    Dex: 15    Spells: 8/8 levels left

rFire   . . .      SeeInvis +   a - +0 war axe
rCold   . . .      Faith    .   c - +0 buckler
rNeg    . . .      Spirit   .   y - +0 chain mail
rPois   .          Reflect  .   (helmet restricted)
rElec   .          Harm     .   h - scarf {+Inv}
rCorr   .          Rampage  .   (no gloves)
Will    .....                   n - +1 pair of boots
Stlth   ..........              (no amulet)
HPRegen 0.21/turn               r - ring of see invisible
MPRegen 0.11/turn               (no ring)

@: mighty
A: reduced essence, horns 2, retaliatory headbutt
a: Renounce Religion, Evoke Invisibility, Recall Ancestor, Ancestor Identity


You were on level 6 of the Dungeon.
You worshipped Hepliaklqana.
Hepliaklqana was aware of your devotion.
You visited 2 branches of the dungeon, and saw 8 of its levels.

You collected 279 gold pieces.
You spent 84 gold pieces at shops.

Inventory:

Hand Weapons
 a - a +0 war axe (weapon)
Missiles
 w - a throwing net
Armour
 c - a +0 buckler (worn)
 h - a scarf of invisibility (worn)
 n - a +1 pair of boots (worn)
 y - a +0 chain mail (worn)
Jewellery
 r - a ring of see invisible (left hand)
Wands
 l - a wand of charming (8)
 o - a wand of digging (4)
 s - a wand of iceblast (12)
 F - a wand of polymorph (7)
Scrolls
 f - a scroll of enchant armour {unknown}
 g - 2 scrolls of noise
 k - 2 scrolls of teleportation
 t - a scroll of blinking
 u - 4 scrolls of enchant weapon
 v - 2 scrolls of silence
 x - 2 scrolls of fog
 C - a scroll of amnesia
 D - a scroll of summoning {unknown}
 G - a scroll of identify
Potions
 d - 2 potions of brilliance {unknown}
 e - 2 potions of degeneration {unknown}
 i - a potion of resistance {unknown}
 m - 2 potions of attraction {unknown}
 p - 2 potions of curing
 z - 2 potions of mutation {unknown}
 A - a potion of invisibility {unknown}
 B - a potion of magic {unknown}


   Skills:
 + Level 6.9 Fighting
 + Level 9.2 Axes
 + Level 8.3 Armour
 + Level 5.8 Shields
 * Level 5.1 Evocations


You had 8 spell levels left.
You didn't know any spells.
Your spell library contained the following spells:

 Spells                   Type           Power      Damage    Failure   Level
 Leda's Liquefaction      Hex/Erth       0%         N/A       100%        4
 Lee's Rapid Deconstruct  Erth           0%         3d5*      100%        5
 Statue Form              Tmut/Erth      0%         N/A       100%        6


Dungeon Overview and Level Annotations

Branches:
Dungeon (7/15)             Temple (1/1) D:6

Altars:
Ashenzari
Cheibriados
Dithmenos
Hepliaklqana
Kikubaaqudgha
Makhleb
Nemelex Xobeh
Okawaru
Qazlal
Ru
Sif Muna
Trog
Uskayaw
Vehumet
Xom
Zin

Shops:
D:2 :   D:5 *


Innate Abilities, Weirdness & Mutations

Your life essence is reduced to manifest your ancestor. (-10% HP)
You have a pair of horns on your head.
You reflexively headbutt those who attack you in melee.


Message History

The deep troll barely misses you.
Valentine hits the deep troll but does no damage.
You feel much better. You block the deep troll's attack.
The deep troll claws you but does no damage.
The deep troll completely misses you.
Valentine barely misses the deep troll.
You feel much better. The deep troll bites you. The deep troll claws you!
The deep troll claws you but does no damage.
Valentine misses the deep troll.
You barely miss the deep troll. The deep troll bites you!!
The deep troll claws you.
The deep troll claws you but does no damage.
Valentine hits the deep troll.
You slice the deep troll!!
The deep troll is heavily wounded.
The deep troll bites you!
The deep troll claws you but does no damage.
You block the deep troll's attack.
Valentine hits the deep troll.
You feel much better. The deep troll completely misses you.
The deep troll misses you. You block the deep troll's attack.
Valentine misses the deep troll.
You closely miss the deep troll. Your headbutt misses the deep troll.
The deep troll is heavily wounded.
The deep troll bites you. The deep troll claws you. The deep troll claws you!
Valentine barely misses the deep troll.
You hit the deep troll. You headbutt the deep troll!
The deep troll is severely wounded.
The deep troll bites you!
* * * LOW HITPOINT WARNING * * *
The deep troll claws you but does no damage.
The deep troll claws you.
* * * LOW HITPOINT WARNING * * *
Valentine barely misses the deep troll.
Aiming: Corrosive Bolt
Press: ? - help, Q - select action, (/) - cycle Shift-Dir - straight line, f - deep troll
Aim: a deep troll (severely wounded, ally target, 74% to hit)
The bolt of acid hits the deep troll!
The deep troll is almost dead.
The now-empty wand crumbles to dust.
The deep troll bites you!
You die...

.........................#
#####.#........#.#########
...............#.#
.8.....8.......#.#
.................#
....>....######..#
.........# #..#
.........######..###
...............T@..#
.8.....8.......R...#
...................#
######
########......######
#..... ##.##### #.#### #.#
#.# #.# ####.# # #.#
#....# # #.# #....####


You could see the friendly Valentine the ancestor and a deep troll (ally
target).

Vanquished Creatures
  A deep troll (D:6)
  2 wyverns (D:7)
  A sky beast (D:7)
  3 ogres
  2 phantoms
  2 bullfrogs (D:7)
  2 scorpions
  2 wyvern skeletons
  6 killer bees (D:7)
  A howler monkey (Temple)
  3 hounds
  2 orc priests
  A bullfrog zombie (D:5)
  Ijyb (D:3)
  2 bullfrog skeletons (D:6)
  7 orc wizards
  4 iguanas
  4 gnolls (D:5)
  5 adders
  2 white imps
  An adder skeleton (D:4)
  2 worms
  3 dart slugs
  13 orcs
  9 ball pythons
  4 bats
  4 endoplasms
  2 giant cockroaches
  10 goblins
  6 hobgoblins
  3 jackals (D:4)
  9 kobolds
  6 quokkas
  4 frilled lizards
  4 rats
133 creatures vanquished.

Vanquished Creatures (collateral kills)
  An adder skeleton (D:4)
1 creature vanquished.

Vanquished Creatures (others)
  An orc wizard (D:5)
  2 ancestors (D:7)
  3 plants (D:1)
6 creatures vanquished.

Grand Total: 140 creatures vanquished

Notes
Turn   | Place    | Note
-------+----------+-------------------------------------------
     0 | D:1      | cbfl8 the Minotaur Fighter began the quest for the Orb.
     0 | D:1      | Reached XP level 1. HP: 19/19 MP: 0/0
    97 | D:1      | Reached XP level 2. HP: 27/27 MP: 1/1
   183 | D:1      | Found a faded altar of an unknown god.
   591 | D:1      | Reached XP level 3. HP: 29/33 MP: 2/2
   986 | D:2      | Reached skill level 1 in Evocations
  1394 | D:2      | Reached skill level 3 in Axes
  1394 | D:2      | Reached XP level 4. HP: 17/40 MP: 3/3
  1575 | D:2      | Found Wagupnam's Book Boutique.
  2120 | D:3      | Found a broken altar of Ashenzari.
  2205 | D:3      | Noticed Ijyb
  2212 | D:3      | Killed Ijyb
  2213 | D:3      | Reached XP level 5. HP: 44/47 MP: 4/4
  2841 | D:4      | Noticed an ogre
  3310 | D:4      | Killed an ogre
  3311 | D:4      | Reached skill level 4 in Axes
  3311 | D:4      | Reached skill level 5 in Armour
  3498 | D:4      | Found a stormy altar of Qazlal.
  3507 | D:4      | Reached XP level 6. HP: 50/53 MP: 5/5
  3953 | D:5      | Entered Level 5 of the Dungeon
  4001 | D:5      | Identified the +1 leather armour "Diblilothra" {rElec}
  4071 | D:5      | Reached skill level 5 in Axes
  4126 | D:5      | Reached skill level 5 in Fighting
  4126 | D:5      | Reached XP level 7. HP: 13/61 MP: 6/6
  4495 | D:5      | HP: 3/61 [orc/+0 hand axe (5)]
  4987 | D:5      | Found a sacrificial altar of Ru.
  5032 | D:5      | Reached skill level 6 in Axes
  5356 | D:5      | Found Feunut's Assorted Antiques.
  5361 | D:5      | Bought a scroll labelled FUIGAE DAT FIH for 30 gold pieces
  5361 | D:5      | Bought an orange potion for 27 gold pieces
  5361 | D:5      | Bought an inky potion for 27 gold pieces
  6385 | D:6      | Found a staircase to the Ecumenical Temple.
  6400 | Temple   | Entered the Ecumenical Temple
  6545 | Temple   | Became a worshipper of Hepliaklqana the Forgotten
  6629 | D:6      | Reached XP level 8. HP: 52/68 MP: 7/7
  6774 | D:6      | Reached skill level 7 in Axes
  6977 | D:6      | Reached skill level 5 in Shields
  7139 | D:7      | Found an ancient bone altar of Kikubaaqudgha.
  7196 | D:7      | Reached skill level 8 in Axes
  7643 | D:7      | Identified the +6 flail of Success {freeze, rN+ Stlth+}
  7654 | D:7      | Reached XP level 9. HP: 44/78 MP: 8/8
  7919 | D:7      | Reached * piety under Hepliaklqana
  8012 | D:7      | Noticed a deep troll
  8013 | D:7      | Noticed a deep troll
  8013 | D:7      | Noticed a deep troll
  8060 | D:6      | Killed a deep troll
  8061 | D:6      | Reached skill level 9 in Axes
  8061 | D:6      | Reached skill level 5 in Evocations
  8969 | D:6      | Slain by a deep troll

Illustrated notes

Levels and vault maps discovered:
D:1:      evilmike_arrival_grusome_pit, layout_basic,
          shapermc_ecumenical_altar_acropolis, hex_intersection,
          chequers_serial_rivers_micro_b, st_stairs_2
D:2:      layout_rooms, serial_shops, nicolae_diamond_shop
D:3:      layout_loops_ring, mainiacjoe_overflow_tiny_flanked, uniq_ijyb
D:4:      layout_cave_pools, nicolae_overflow_crystal_walls,
          grunt_decor_one_mirror, glass_columns_a, chequers_arboretum,
          grunt_decor_clamped
D:5:      layout_basic, kennysheep_little_box, serial_shops, kennysheep_mini
D:6:      layout_basic, minmay_temple_entry_proselytizer, serial_bayou_pond_d,
          st_stairs_1, serial_bayou_pond_d, minmay_misc_feat_more_columns
D:7:      layout_basic, lemuel_tele_altar,
          hellmonk_guarded_unrand_vitality_bloodlust, uniq_joseph,
          uniq_crazy_yiuf_cottage
Temple:   eino_temple_rhombus

Skill      XL: |  1  2  3  4  5  6  7  8  9 |
---------------+----------------------------+-----
Shields        | 4 5 |  5.8
Fighting       | 4 5 6 |  6.9
Armour         | 4 5 6 7 8 |  8.3
Evocations     | 1 2 3 4 5 |  5.1
Axes           | 3 4 5 6 8 9 |  9.2

Action                   |  1- 3 |  4- 6 |  7- 9 || total
-------------------------+-------+-------+-------++-------
Melee: War axe           |    69 |   140 |   176 ||   385
       Headbutt          |    12 |    12 |    35 ||    59
Invok: Ancestor Identity |       |       |     1 ||     1
Evoke: Wand              |       |     1 |    16 ||    17
  Use: Potion            |       |     1 |     7 ||     8
       Scroll            |       |       |     8 ||     8
Armor: Scale mail        |    28 |    57 |    31 ||   116
       Chain mail        |       |       |   102 ||   102
Dodge: Dodged            |    40 |    63 |    90 ||   193
Block: Buckler           |    20 |    27 |    67 ||   114
